cohdb
Replays
Latest Replays
All Replays
Popular Replays
Top Player Replays
Match Explorer
How It Works
Community
CoH3 Stats
Reddit
Sign in to upload your games and track your stats! →
Sign in with Steam
Match 39773631
Unlisted
Match 39773631
Overview
Messages
Build Orders
End
Royal Engineer Section
Construct Section Command Post
Infantry Section
Infantry Section
Construct Field Infirmary
Selects Canadian Shock Battlegroup
Selects Offensive Resupply
Infantry Section
Grenade Package
Selects Canadian Shock Section
Canadian Shock Section
Construct Platoon Command Post
Selects Burnout
Selects Pyrotechnics
Unlock M3 Stuart Light Tanks
M3 Stuart Light Tank
Selects Demolition Engineering
M3 Stuart Light Tank
ßoo
Tactical Nuclear Cow
VictorEX
乡下来的老鼠《党卫军
0
0
Comments
sign in to comment!
No comments posted yet!